 Dungeon Crawl Stone Soup version 0.30-a0-389-g8d7d949f56 (webtiles) character file.

Game seed: 16652223130865452821

42775 flotson the Cleaver (level 13, -2/90 HPs)
             Began as a Demonspawn Delver on Dec 4, 2022.
             Was a High Priest of Hepliaklqana.
             Slain by a death yak (9 damage)
             ... on level 5 of the Lair of Beasts.
             The game lasted 00:35:12 (19756 turns).

flotson the Cleaver (Demonspawn Delver)            Turns: 19756, Time: 00:35:12

Health: -2/90      AC: 19    Str: 17    XL:     13   Next: 87%
Magic:  19/19      EV: 14    Int: 12    God:    Hepliaklqana [*****.]
Gold:   790        SH: 14    Dex: 15    Spells: 12/12 levels left

rFire   . . .      SeeInvis .    a - +5 broad axe (vorpal)
rCold   . . .      Faith    .    t - +0 kite shield
rNeg    + . .      Spirit   .    M - +0 steam dragon scales
rPois   .          Reflect  .    y - +0 helmet
rElec   .          Harm     .    (no cloak)
rCorr   .          Rampage  +    j - +0 pair of gloves
Will    .....                    w - +2 pair of boots {rampage}
Stlth   +++.......               (no amulet)
HPRegen 0.35/turn                G - ring of positive energy
MPRegen 0.16/turn                N - +4 ring of protection

@: unable to drink
A: reduced essence, yellow scales 2, condensation shield, demonic touch 2,
inability to drink after injury 1
a: Renounce Religion, Recall Ancestor, Ancestor Identity, Transference, Idealise


You were on level 5 of the Lair of Beasts.
You worshipped Hepliaklqana.
Hepliaklqana was extremely pleased with you.
You visited 3 branches of the dungeon, and saw 17 of its levels.

You collected 1487 gold pieces.
You spent 697 gold pieces at shops.

Inventory:

Hand Weapons
 a - a +5 vorpal broad axe (weapon)
 b - the +5 war axe "Cudetwej" {flame, Str+4}
   (You found it on level 10 of the Dungeon)

   It burns those it strikes, dealing additional fire damage.
   Big, fiery blades are also staple armaments of hydra-hunters.
   Str:       It affects your strength (+4).
Missiles
 x - 23 poisoned darts
 C - 6 javelins (quivered)
 K - 2 boomerangs
Armour
 j - a +0 pair of gloves (worn)
 t - a +0 kite shield (worn)
 w - a +2 pair of boots of rampaging (worn)
 y - a +0 helmet (worn)
 M - +0 steam dragon scales (worn)
Jewellery
 G - a ring of positive energy (left hand)
 N - a +4 ring of protection (right hand)
Wands
 g - a wand of digging (2)
 l - a wand of iceblast (23)
 n - a wand of mindburst (11)
 s - a wand of flame (18)
 E - a wand of quicksilver (6)
 F - a wand of charming (5)
 I - a wand of polymorph (4)
Scrolls
 c - 4 scrolls of fog
 d - 4 scrolls of magic mapping
 e - 2 scrolls of immolation
 f - a scroll of blinking
 h - 7 scrolls of teleportation
 r - 2 scrolls of poison
 v - 3 scrolls of brand weapon
 B - a scroll of vulnerability
 D - 3 scrolls of enchant armour
 L - a scroll of silence
Potions
 i - 6 potions of attraction
 k - a potion of heal wounds
 m - 2 potions of mutation
 o - 7 potions of might
 q - 3 potions of curing
 u - 2 potions of flight
 A - a potion of lignification
 H - 2 potions of ambrosia
 J - a potion of resistance
Miscellaneous
 p - a box of beasts


   Skills:
 + Level 9.0 Fighting
 + Level 11.4(11.6) Axes
 - Level 3.1(8.0) Polearms
 + Level 7.2 Throwing
 + Level 7.7 Armour
 + Level 8.0 Dodging
 - Level 5.0 Stealth
 + Level 7.2 Shields
 - Level 8.0 Invocations
 + Level 8.4 Evocations


You had 12 spell levels left.
You didn't know any spells.
Your spell library contained the following spells:

 Spells                   Type           Power      Damage    Failure   Level
 Beastly Appendage        Tmut           0%         N/A       63%         1
 Foxfire                  Conj/Fire      0%         2x1d4     63%         1
 Magic Dart               Conj           0%         1d3       63%         1
 Sandblast                Erth           0%         2d4       63%         1
 Passwall                 Tmut/Erth      0%         N/A       77%         2
 Searing Ray              Conj           0%         2d4       77%         2
 Ignite Poison            Fire/Tmut/Pois 0%         N/A       94%         3
 Inner Flame              Hex/Fire       0%         N/A       94%         3
 Stone Arrow              Conj/Erth      0%         3d7       94%         3
 Cause Fear               Hex            0%         N/A       100%        4
 Fulminant Prism          Conj/Hex       0%         3d5       100%        4
 Sticky Flame             Conj/Fire      0%         2d3       100%        4
 Fireball                 Conj/Fire      0%         3d3       100%        5
 Starburst                Conj/Fire      0%         6d3       100%        6
 Discord                  Hex            0%         N/A       100%        8
 Ignition                 Fire           0%         3d3       100%        8


Dungeon Overview and Level Annotations

Branches:
Dungeon (11/15)            Temple (1/1) D:7            Lair (5/5) D:9
 Shoals (0/4) Lair:2        Snake (0/4) Lair:2        Slime (0/5) Lair:4
    Orc: D:9-12

Altars:
Ashenzari
Cheibriados
Dithmenos
Fedhas
Hepliaklqana
Kikubaaqudgha
Nemelex Xobeh
Okawaru
Qazlal
Ru
Sif Muna
Trog
Uskayaw
Vehumet
Wu Jian
Yredelemnul
Jiyva

Shops:
D:1 ?[[[!   D:2 *   D:5 !   D:6 (   D:9 (

Annotations:
Lair:5 1 runed translucent door


Innate Abilities, Weirdness & Mutations

Your life essence is reduced to manifest your ancestor. (-10% HP)
You are mostly covered in yellow scales. (AC +3)
A meltable shield of frost defends you. (SH +4)
Your touch may inflict irresistible damage on your foes.
You occasionally lose the ability to drink potions when taking damage.


Message History

Unknown command.
You are too injured to fight recklessly!
Unknown command.
You slice the death yak!!
The death yak is moderately wounded.
You hit the death yak.
The death yak gores you but does no damage.
You block the death yak's attack.
Unknown command.
You hit the death yak.
The death yak is heavily wounded.
You hit the death yak. You block the death yak's attack. x2
The death yak gores you.
Unknown command.
You slash the death yak!
The death yak is severely wounded.
You hit the death yak. The death yak gores you.
You block the death yak's attack.
Unknown command.
You hit the death yak but do no damage.
The death yak is severely wounded.
You hit the death yak. The death yak barely misses you.
The death yak closely misses you.
Unknown command.
You slash the death yak!
The death yak is almost dead.
You hit the death yak. You block the death yak's attack. x3
You slice the death yak!!
You kill the death yak!
You completely miss the death yak. The death yak barely misses you.
Your Dodging skill increases to level 8!
The death yak gores you!
* * * LOW HITPOINT WARNING * * *
The death yak gores you!!
You feel threatened and lose the ability to drink potions!
* * * LOW HITPOINT WARNING * * *
The death yak barely misses you. The death yak attacks as you move away!
The death yak barely misses you. x2
The death yak attacks as you move away! The death yak gores you!
You die...

........................#
.#......................##
..#......................##
.##...............#.......###
###.............###.........##
#
.............###...P..♣..P.##
#
#.............##..P.......÷..
#
.P.........#...#......Y.....#
##.......#######@Y.##.P.....#
#.....D.. ##Y..##.÷..P##
.......P. #######....#
........# #.P.## .÷.......
#...# ....D.... ##..#
......... #.Y## .........
#.P.# ......... ##..##


You could see 2 death yaks.

Vanquished Creatures
  2 hydras (Lair:5)
  Erolcha (D:10)
  A boulder beetle (D:11)
  Erica (D:8)
  4 two-headed ogres
  A death yak (Lair:5)
  Amaemon (D:9)
  A manticore (D:11)
  11 elephants
  7 black mambas
  3 merfolk sirens (Lair:2)
  An orange demon (D:8)
  2 gargoyles (D:11)
  4 cane toads
  6 komodo dragons
  2 trolls
  A merfolk (Lair:2)
  A polar bear (Lair:1)
  9 dream sheep
  Sigmund (D:6)
  A vampire (D:10)
  4 wyverns
  27 yaks
  3 basilisks
  A steam dragon (Lair:1)
  13 water moccasins
  An ice beast (D:5)
  3 sky beasts
  4 orc warriors
  8 black bears
  2 boggarts (Lair:4)
  12 wolves
  4 centaurs (D:11)
  3 phantoms
  A kobold brigand (D:9)
  Blork the orc (D:5)
  13 bullfrogs
  2 scorpions
  4 necrophages
  3 wights
  8 killer bees (D:9)
  6 howler monkeys
  5 orc priests
  2 hounds
  A jelly (Lair:4)
  A gnoll bouda (D:8)
  Jessica (D:2)
  5 iguanas
  6 orc wizards
  Robin (D:4)
  9 gnolls
  10 adders
  2 white imps
  4 ufetubi
  3 worms
  2 dart slugs
  19 orcs
  5 ball pythons
  8 endoplasms
  4 giant cockroaches
  7 goblins
  5 hobgoblins
  4 jackals (D:2)
  17 kobolds
  4 quokkas
  7 bats
  10 rats
  A butterfly (Lair:1)
327 creatures vanquished.

Vanquished Creatures (collateral kills)
  A boulder beetle (D:11)
  A catoblepas (Lair:5)
  A death yak (Lair:5)
  A cyclops (D:11)
  2 elephants (Lair:5)
  2 cane toads
  3 blink frogs (Lair:3)
  A dream sheep (Lair:3)
  A wraith (D:9)
  A wyvern (Lair:3)
  6 yaks
  Grum (D:11)
  A water moccasin (Lair:2)
  5 wolves
  2 boggarts (Lair:4)
  A centaur (D:11)
  A bullfrog (Lair:1)
  A wight (D:8)
  3 jellies (Lair:4)
  2 endoplasms (Lair:4)
  A kobold (D:9)
38 creatures vanquished.

Vanquished Creatures (others)
  5 battlemagi
  5 ancestors
  21 fungi
  24 plants
55 creatures vanquished.

Grand Total: 420 creatures vanquished

Notes
Turn   | Place    | Note
-------+----------+-------------------------------------------
     0 | D:5      | flotson the Demonspawn Delver began the quest for the Orb.
     0 | D:5      | Reached XP level 1. HP: 18/18 MP: 1/1
     2 | D:5      | Found a radiant altar of Vehumet.
    54 | D:5      | Noticed a hound
    79 | D:5      | Killed a hound
    80 | D:5      | Reached skill level 1 in Evocations
    80 | D:5      | Gained mutation: Your touch may inflict minor irresistible
                  | damage on your foes. [demonic ancestry]
    80 | D:5      | Reached XP level 2. HP: 6/24 MP: 2/2
    80 | D:5      | Gained mutation: You are partially covered in yellow
                  | scales. (AC +2) [demonic ancestry]
    80 | D:5      | Reached XP level 3. HP: 8/29 MP: 3/3
    94 | D:5      | Noticed a necrophage
   119 | D:5      | Noticed an ice beast
   132 | D:4      | Reached skill level 1 in Armour
   187 | D:4      | Noticed a scorpion
   302 | D:3      | Found a faded altar of an unknown god.
   549 | D:2      | Reached XP level 4. HP: 34/35 MP: 4/4
   572 | D:2      | Noticed Jessica
   767 | D:1      | Found Owose Awk's Antique Armour Shoppe.
   967 | D:1      | Found Tivimac's Antique Armour Emporium.
  1042 | D:1      | Found Reffiamo's Distillery.
  1117 | D:1      | Found Pigraja's Antique Armour Shoppe.
  1444 | D:1      | Found Lenkino's Magic Scroll Boutique.
  1463 | D:1      | Bought a scroll of identify for 28 gold pieces
  1463 | D:1      | Bought a scroll of noise for 14 gold pieces
  1657 | D:2      | Reached skill level 5 in Stealth
  1675 | D:2      | Found Quxiatav's Assorted Antiques.
  1700 | D:2      | Bought a grey potion for 19 gold pieces
  1700 | D:2      | Bought a scroll labelled ZIACKI UHEESEP for 22 gold pieces
  1700 | D:2      | Bought 2 smoky pink potions for 39 gold pieces
  1700 | D:2      | Bought a smoky pink potion for 19 gold pieces
  1819 | D:2      | Reached XP level 5. HP: 41/41 MP: 5/5
  1836 | D:2      | Killed Jessica
  2520 | D:3      | Got Plato's Guidebook on Transmutation
  2802 | D:4      | Noticed Robin
  2804 | D:4      | Gained mutation: You are mostly covered in yellow scales.
                  | (AC +3) [demonic ancestry]
  2804 | D:4      | Reached XP level 6. HP: 48/48 MP: 6/6
  2815 | D:4      | Killed Robin
  3041 | D:4      | Reached skill level 1 in Shields
  3190 | D:4      | Reached skill level 1 in Throwing
  3252 | D:1      | Bought a glimmering ring mail for 198 gold pieces
  3252 | D:1      | Identified the +1 ring mail "Molael" {rF- Will+ Str+2
                  | Stlth+} (You bought it in a shop on level 1 of the Dungeon)
  3540 | D:4      | Gained mutation: A meltable shield of frost defends you.
                  | (SH +4) [demonic ancestry]
  3540 | D:4      | Reached XP level 7. HP: 43/55 MP: 7/7
  3827 | D:5      | Found Inedokox's Distillery.
  3831 | D:5      | Bought a potion of degeneration for 11 gold pieces
  3943 | D:5      | Noticed Blork the orc
  3947 | D:5      | Killed Blork the orc
  4618 | D:6      | Found a shimmering blue altar of Sif Muna.
  4886 | D:5      | Reached XP level 8. HP: 61/61 MP: 8/8
  5046 | D:6      | Reached skill level 5 in Fighting
  5078 | D:6      | Found Reinwa's Weapon Emporium.
  5231 | D:6      | Bought a +1 vorpal broad axe for 182 gold pieces
  5233 | D:6      | Gained mutation: You occasionally lose the ability to drink
                  | potions when taking damage. [mutagenic glow]
  5281 | D:6      | Found a sparkling altar of Nemelex Xobeh.
  5354 | D:6      | Noticed a troll
  5366 | D:6      | Killed a troll
  5367 | D:6      | Reached skill level 1 in Axes
  5625 | D:6      | Noticed Sigmund
  5643 | D:6      | Killed Sigmund
  5644 | D:6      | Reached XP level 9. HP: 68/68 MP: 9/9
  5978 | D:7      | Noticed a two-headed ogre
  5984 | D:7      | Killed a two-headed ogre
  5985 | D:7      | Reached skill level 2 in Axes
  6028 | D:7      | Found a staircase to the Ecumenical Temple.
  6042 | D:7      | Reached skill level 5 in Evocations
  6052 | Temple   | Entered the Ecumenical Temple
  6080 | Temple   | Became a worshipper of Hepliaklqana the Forgotten
  6183 | D:7      | Reached skill level 5 in Dodging
  6326 | D:7      | Identified the +4 falchion of Spite {drain, Dex+3}
  6334 | D:7      | Reached skill level 1 in Invocations
  6945 | D:7      | Reached skill level 3 in Axes
  7765 | D:1      | Bought a pair of embroidered boots for 165 gold pieces
  7990 | D:8      | Noticed a +3 hand axe
  7992 | D:8      | Noticed a +0 dagger
  7996 | D:8      | Found a hide-covered altar of Uskayaw.
  8282 | D:8      | Reached * piety under Hepliaklqana
  8501 | D:8      | Reached XP level 10. HP: 58/68 MP: 12/12
  8501 | D:8      | Reached skill level 9 in Axes
  8501 | D:8      | Reached XP level 11. HP: 61/72 MP: 13/13
  8508 | D:8      | Noticed Erica
  8563 | D:8      | Killed Erica
  8564 | D:8      | Reached skill level 10 in Axes
  8564 | D:8      | Reached skill level 5 in Armour
  8774 | D:9      | Noticed Amaemon
  9259 | D:9      | Killed Amaemon
  9510 | D:9      | Found a staircase to the Lair.
 10137 | D:9      | Found a transporter.
 10257 | D:9      | Found Jutaliri's Weapon Emporium.
 10438 | D:10     | Entered Level 10 of the Dungeon
 10500 | D:10     | Reached skill level 5 in Shields
 10653 | D:10     | Noticed a two-headed ogre
 10662 | D:10     | Killed a two-headed ogre
 10663 | D:10     | Reached skill level 5 in Throwing
 10723 | D:10     | Reached ** piety under Hepliaklqana
 10782 | D:10     | Found a blossoming altar of Fedhas.
 10964 | D:10     | Noticed Erolcha
 10971 | D:10     | Killed Erolcha
 11076 | D:10     | Identified the +5 war axe "Cudetwej" {flame, Str+4}
 11131 | D:10     | Noticed a two-headed ogre
 11140 | D:10     | Killed a two-headed ogre
 12046 | D:11     | Reached skill level 5 in Invocations
 12147 | D:11     | Noticed a two-headed ogre
 12155 | D:11     | Killed a two-headed ogre
 12259 | D:11     | Gained mutation: Your touch may inflict irresistible damage
                  | on your foes. [demonic ancestry]
 12259 | D:11     | Reached XP level 12. HP: 74/81 MP: 15/15
 12431 | D:11     | Noticed a boulder beetle
 12465 | D:11     | Killed a boulder beetle
 12525 | D:11     | Reached *** piety under Hepliaklqana
 12536 | D:11     | Noticed a boulder beetle
 12562 | D:11     | Killed a boulder beetle
 12839 | D:11     | Noticed Grum
 12844 | D:11     | Killed Grum
 13214 | Lair:1   | Entered Level 1 of the Lair of Beasts
 14437 | Lair:2   | Reached **** piety under Hepliaklqana
 14448 | Lair:2   | Found a staircase to the Snake Pit.
 15035 | Lair:2   | Found a staircase to the Shoals.
 15970 | Lair:3   | Reached XP level 13. HP: 82/88 MP: 18/18
 16120 | Lair:3   | Reached ***** piety under Hepliaklqana
 16141 | Lair:3   | Remembered your ancestor Shatu-murrim as a battlemage
 16441 | Lair:3   | Reached skill level 11 in Axes
 17145 | Lair:4   | You fall into a shaft and drop 1 floor!
 17145 | Lair:5   | Entered Level 5 of the Lair of Beasts
 18191 | Lair:5   | Found a runed translucent door.
 18564 | Lair:4   | Found a viscous altar of Jiyva.
 18590 | Lair:4   | Found a staircase to the Slime Pits.
 19756 | Lair:5   | Slain by a death yak

Illustrated notes

Levels and vault maps discovered:
D:1:      dpeg_arrival_shrine, layout_basic, serial_shops,
          nicolae_shop_advertising_works [nicolae_subvault_shop_adworks],
          nicolae_shop_statue_plus, shop_coins, nicolae_shop_hallway_plus,
          nicolae_shop_stone, minmay_rat_gold_closets
D:2:      layout_loops_cross, serial_shops, shop, minmay_tetromino_l4,
          uniq_jessica
D:3:      layout_basic, shapermc_ecumenical_altar_rom_forum,
          minmay_misc_feat_diagonals
D:4:      layout_basic, uniq_robin
D:5:      layout_basic, nicolae_overflow_hidden_temple, serial_shops, shop,
          uniq_blork_the_orc
D:6:      kennysheep_six_static_rooms, layout_basic,
          nicolae_sif_muna_little_library, nemelex_spade_bored_becter,
          serial_shops, shop, uniq_sigmund
D:7:      layout_basic, minmay_temple_entry_mist
D:8:      layout_basic, dancing_weapons_uskayaw, st_stairs_9, uniq_erica
D:9:      layout_long_grid, david_lair_generic, serial_shops, kennysheep_mini,
          nicolae_diode_basic, uniq_amaemon
D:10:     layout_layer_cave, fedhas_altar_1, uniq_erolcha
D:11:     layout_irregular_city, chequers_garden, uniq_grum
Temple:   nicolae_temple_bog_church
Lair:1:   layout_loops_ring, grunt_megastairs_5, lemuel_fruit_fields
Lair:2:   layout_hall_layers, elwin_shoals_entry_stream,
          minmay_snake_entry_six_corridors, chequers_serial_rivers_micro_a,
          serial_bayou_shore_b, grunt_megastairs_1
Lair:3:   layout_chaotic_city, hibernation_bobbens
Lair:4:   layout_cave_shapes, nicolae_slime_entry_slimehenge,
          kilobyte_rumbling_trees
Lair:5:   grunt_lair_end_beastmaster, layout_layer_cave,
          ebering_ghost_reflecting_pool, lemuel_fruit_tree, grunt_megastairs_2

Skill      XL: |  1  2  3  4  5  6  7  8  9 10 11 12 13 |
---------------+----------------------------------------+-----
Dodging        | 2 3 4 5 6 7 8 |  8.0
Evocations     | 1 2 3 4 5 6 7 8 |  8.4
Armour         | 1 2 3 4 5 6 7 |  7.7
Stealth        | 5 |  5.0
Fighting       | 4 5 6 7 8 9 |  9.0
Polearms       | 2 3 |  3.1
Shields        | 1 2 3 4 5 6 7 |  7.2
Throwing       | 1 2 3 4 5 6 7 |  7.2
Axes           | 1 3 9 10 11 | 11.4
Invocations    | 2 5 7 8 |  8.0

Action                   |  1- 3 |  4- 6 |  7- 9 | 10-12 | 13-15 || total
-------------------------+-------+-------+-------+-------+-------++-------
Melee: Spear             |    46 |       |       |       |       ||    46
       Touch             |     5 |       |       |       |       ||     5
       Quarterstaff      |     3 |   145 |       |       |       ||   148
       Trident           |       |    62 |   102 |       |       ||   164
       Broad axe         |       |       |   211 |   404 |   279 ||   894
       War axe           |       |       |       |       |    25 ||    25
Throw: Dart              |       |       |     5 |       |       ||     5
       Javelin           |       |       |       |       |     6 ||     6
Invok: Ancestor Life: Ba |       |       |       |       |     1 ||     1
Evoke: Wand              |     1 |     1 |     6 |     6 |     2 ||    16
  Use: Potion            |     1 |       |     2 |     1 |     4 ||     8
       Scroll            |       |     1 |     8 |    14 |     5 ||    28
 Stab: Sleeping          |     3 |    20 |    12 |     7 |     1 ||    43
       Distracted        |       |       |       |     9 |     6 ||    15
       Fleeing           |       |       |       |     1 |       ||     1
Armor: Leather armour    |    13 |       |       |       |       ||    13
       Ring mail         |       |   111 |   174 |   163 |       ||   448
       Steam dragon scal |       |       |       |    29 |   150 ||   179
       Skin              |       |       |       |     1 |       ||     1
Dodge: Dodged            |    28 |   116 |   138 |   226 |   185 ||   693
Block: Kite shield       |       |    18 |   257 |   374 |   256 ||   905

Table legend: (Time is in decaauts)
 A = Elapsed time spent in this place.
 B = Non-inter-level travel time spent in this place.
 C = Inter-level travel time spent in this place.
 D = Time resting spent in this place.
 E = Time spent auto-exploring this place.
 F = Levels seen in this place.
 G = Mean time per level.
                   A        B        C        D        E       F      G
               +--------+--------+--------+--------+--------+-----+--------+
         Total |  20141 |  19119 |   1022 |   1752 |  13716 |  17 | 1184.8 |
       Dungeon |  13470 |  12560 |    910 |   1035 |   9123 |  11 | 1224.5 |
        Temple |     40 |     29 |     11 |      0 |     12 |   1 |   40.0 |
          Lair |   6631 |   6531 |    100 |    717 |   4581 |   5 | 1326.2 |
               +--------+--------+--------+--------+--------+-----+--------+

Top non-repeatable levels by time:
     D:8: 1763 daAuts
  Lair:2: 1723 daAuts
  Lair:5: 1712 daAuts
    D:10: 1610 daAuts
     D:9: 1322 daAuts
     D:6: 1316 daAuts
     D:5: 1242 daAuts
     D:4: 1212 daAuts
  Lair:1: 1208 daAuts
    D:11: 1174 daAuts
     D:7: 1173 daAuts
  Lair:3: 1028 daAuts
     D:1: 1025 daAuts
     D:2: 983 daAuts
  Lair:4: 957 daAuts
